 Dungeon Crawl Stone Soup version 0.28-a0-1412-gf95308ed99 (webtiles) character file.

Game seed: 9597961847827681624

774 tilp the Chiller (level 7, 30/30 HPs)
             Began as a Felid Ice Elementalist on Jan 6, 2022.
             Was a Follower of Vehumet.
             Quit the game on level 6 of the Dungeon.
             The game lasted 00:11:04 (8305 turns).

tilp the Chiller (Felid Ice Elementalist)           Turns: 8305, Time: 00:11:04

Health: 30/30      AC:  2    Str:  4    XL:     7   Next: 53%
Magic:  15/15      EV: 18    Int: 19    God:    Vehumet [*.....]
Gold:   238        SH:  0    Dex: 16    Spells: 6/15 levels left
                                        Lives:  1   Deaths: 1

rFire   . . .      SeeInvis +     - Unarmed
rCold   . . .      Faith    .   (shield unavailable)
rNeg    . . .      Spirit   .   (armour unavailable)
rPois   .          Reflect  .   (helmet unavailable)
rElec   .          Harm     .   (cloak unavailable)
rCorr   .          Rampage  .   (gloves unavailable)
Will    +....                   (boots unavailable)
Stlth   +++.......              c - amulet of regeneration
HPRegen 0.90/turn               b - ring of wizardry
MPRegen 0.14/turn               (no ring)

@: quick
A: very small, claws 1, fangs 3, see invisible, speed 1, shaggy fur 2, stealthy
paws, no weapons or thrown items, no armour, multi-lived
a: Renounce Religion


You were on level 6 of the Dungeon.
You worshipped Vehumet.
Vehumet was aware of your devotion.
You visited 2 branches of the dungeon, and saw 7 of its levels.

You collected 238 gold pieces.

Inventory:

Jewellery
 a - an amulet of guardian spirit
 b - a ring of wizardry (left paw)
 c - an amulet of regeneration (around neck)
 j - a ring of fire
 l - an amulet of reflection
Wands
 g - a wand of iceblast (4)
Scrolls
 d - 4 scrolls of teleportation
 f - 2 scrolls of holy word
 m - a scroll of silence
Potions
 h - a potion of heal wounds
 k - a potion of might {unknown}


   Skills:
 - Level 2.0 Fighting
 - Level 4.0 Dodging
 - Level 6.0 Stealth
 - Level 4.0 Unarmed Combat
 + Level 4.7 Spellcasting
 - Level 2.0 Fire Magic
 + Level 7.0 Ice Magic


You had 6 spell levels left.
You knew the following spells:

 Your Spells              Type           Power      Damage    Failure   Level
a - Freeze                Ice            100%       1d11      1%          1
b - Frozen Ramparts       Ice            62%        1d8       1%          3
c - Ozocubu's Armour      Ice            31%        N/A       1%          3
d - Scorch                Fire           24%        2d6       3%          2

Your spell library contained the following spells:

 Spells                   Type           Power      Damage    Failure   Level
 Shock                    Conj/Air       16%        1d4       5%          1
 Slow                     Hex            16%        N/A       5%          1
 Hailstorm                Conj/Ice       17%        3d6       12%         4
 Confusing Touch          Hex            4%         N/A       16%         3
 Tukima's Dance           Hex            4%         N/A       16%         3
 Vampiric Draining        Necr           4%         2d6       16%         3
 Flame Wave               Conj/Fire      8%         2d4       32%         4
 Olgreb's Toxic Radiance  Pois           4%         N/A       43%         4
 Passage of Golubria      Tloc           4%         N/A       43%         4
 Yara's Violent Unravell  Hex/Tmut       2%         3d3       77%         5
 Summon Cactus Giant      Summ           2%         N/A       99%         6
 Ozocubu's Refrigeration  Ice            15%        4d8       91%         7
 Ignition                 Fire           6%         3d4       100%        8


Dungeon Overview and Level Annotations

Branches:
Dungeon (6/15)             Temple (1/1) D:4

Altars:
Ashenzari
Cheibriados
Dithmenos
Elyvilon
Fedhas
Gozag
Hepliaklqana
Kikubaaqudgha
Nemelex Xobeh
Okawaru
Qazlal
Ru
Sif Muna
Trog
Vehumet
Wu Jian
Yredelemnul
Zin
The Shining One

Shops:
D:6 !

Annotations:
D:3 Ijyb
D:4 Eustachio
D:6 Maggie, Prince Ribbit


Innate Abilities, Weirdness & Mutations

You have sharp claws.
You have razor-sharp teeth.
You have supernaturally acute eyesight. (SInv)
You cover ground quickly. (Speed+)
You are covered in thick fur. (AC +2)
Your paws help you pounce on unaware monsters.
You are incapable of wielding weapons or throwing items.
You cannot wear armour.
You gain extra lives every three experience levels.


Message History

Unknown command.
Casting: Scorch (safe; 3% risk of failure)
Confirm with . or Enter, or press ? or * to list all spells.
Flames lash Maggie.
Maggie is burned terribly!
Maggie is moderately wounded.
The wall freezes Maggie.
Maggie misses you.
Unknown command.
Unknown command.
Unknown command.
Casting: Scorch (safe; 3% risk of failure)
Confirm with . or Enter, or press ? or * to list all spells.
Flames lash Maggie.
Maggie is burned terribly!
Maggie is heavily wounded.
The wall freezes Maggie.
Maggie says, "Fear not.
I will immortalize you in the tale of my first kill."
Maggie hits you from afar with a +2 halberd of flaming!
* * * LOW HITPOINT WARNING * * *
Maggie burns you.
* * * LOW HITPOINT WARNING * * *
The heat melts your icy armour.
Unknown command.
Unknown command.
Aiming: Iceblast
Press: ? - help, Shift-Dir - straight line, f - Maggie
Aim: Maggie, wielding a +2 halberd of flaming and wearing +2 steam dragon scales (heavily wounded, mesmerising, more vulnerable to fire)
The mass of ice explodes!
The iceblast engulfs Maggie!
Maggie is severely wounded.
The wall freezes Maggie.
Maggie hits you from afar with a +2 halberd of flaming!
You die...
Maggie burns you! The heat melts your icy armour.
You are now level 7!
You rejoin the land of the living...
Found 6 gold pieces.
Unknown command.
You now have 238 gold pieces (gained 6).
Prince Ribbit comes into view.
Found 4 gold pieces.
Are you sure you want to abandon this character and quit the game? (Confirm with "yes".)

#.# #.## #.# #.# #.# #.## #.#
##.## #.## ##..# ##..## F
########...# #....##..$
###..........#
#(....##....####...########.#
##.....# #.....@.#### ###
##......###.....###
#........###....
..####.....##..# ..#
##....###.## ..## ##.### #..#
##.## ### #...# ###.## #....
##.### ##...#


You could see Prince Ribbit (asleep).

Vanquished Creatures
  Sigmund (D:5)
  A water moccasin (D:5)
  A necrophage (D:5)
  2 centaurs (D:6)
  2 ogres (D:5)
  Blork the orc (D:6)
  A scorpion (D:6)
  A wyvern skeleton (D:5)
  2 orc priests
  A jelly (D:6)
  A bullfrog zombie (D:5)
  2 bullfrog skeletons (D:5)
  2 iguanas (D:5)
  3 orc wizards
  Natasha (D:3)
  A scorpion zombie (D:5)
  A killer bee zombie (D:3)
  8 gnolls
  2 howler monkey skeletons (D:5)
  12 adders
  2 shadow imps
  15 orcs
  3 bats
  3 endoplasms
  A giant cockroach (D:3)
  3 goblins
  4 hobgoblins
  2 jackals (D:4)
  3 quokkas
  7 ball pythons
  2 frilled lizards (D:1)
  4 kobolds
  7 rats
102 creatures vanquished.

Notes
Turn   | Place    | Note
-------+----------+-------------------------------------------
     0 | D:1      | tilp the Felid Ice Elementalist began the quest for the
                  | Orb.
     0 | D:1      | Reached XP level 1. HP: 7/7 MP: 4/4
   480 | D:1      | Reached XP level 2. HP: 11/11 MP: 3/6
   746 | D:1      | Learned a level 2 spell: Scorch
   976 | D:2      | Found a broken altar of Ashenzari.
   989 | D:2      | Reached skill level 4 in Ice Magic
  1477 | D:2      | Reached XP level 3. HP: 14/14 MP: 4/7
  1481 | D:2      | Learned a level 3 spell: Frozen Ramparts
  2336 | D:3      | Reached XP level 4. HP: 18/18 MP: 0/9
  2669 | D:3      | Noticed Ijyb
  2710 | D:3      | Reached skill level 5 in Ice Magic
  2843 | D:3      | Noticed Natasha
  2846 | D:3      | Killed Natasha
  2847 | D:3      | Reached XP level 5. HP: 21/21 MP: 0/10
  3143 | D:3      | Found a faded altar of an unknown god.
  3847 | D:4      | Found a staircase to the Ecumenical Temple.
  3871 | Temple   | Entered the Ecumenical Temple
  4000 | Temple   | Became a worshipper of Vehumet
  4043 | D:4      | Reached skill level 6 in Ice Magic
  4590 | D:4      | Gained mutation: You are covered in thick fur. (AC +2)
                  | [Felid growth]
  4590 | D:4      | Reached XP level 6. HP: 25/25 MP: 3/11
  4698 | D:4      | Noticed Eustachio
  4794 | D:4      | Learned a level 3 spell: Ozocubu's Armour
  4815 | D:5      | Entered Level 5 of the Dungeon
  4996 | D:5      | Reached skill level 1 in Unarmed Combat
  5002 | D:5      | Noticed Sigmund
  5016 | D:4      | Reached skill level 1 in Fighting
  5279 | D:5      | Killed Sigmund
  5619 | D:5      | Reached XP level 7. HP: 29/29 MP: 3/12
  5749 | D:5      | Reached skill level 5 in Stealth
  6009 | D:5      | Reached * piety under Vehumet
  6009 | D:5      | Offered knowledge of Shock by Vehumet.
  6531 | D:5      | Reached skill level 1 in Fire Magic
  6534 | D:5      | Identified the +2 leather armour "Quzail" {rF+ rCorr Dex+4}
  6788 | D:5      | Reached XP level 8. HP: 33/33 MP: 2/14
  7618 | D:6      | Noticed Maggie
  8031 | D:6      | Noticed Blork the orc
  8041 | D:6      | Killed Blork the orc
  8212 | D:6      | Reached skill level 7 in Ice Magic
  8273 | D:6      | Found Riawigai's Distillery.
  8284 | D:6      | Mangled by Maggie
  8285 | D:6      | Reached XP level 7. HP: -7/30 MP: 1/15
  8304 | D:6      | Noticed Prince Ribbit
  8305 | D:6      | Quit the game

Illustrated notes

Levels and vault maps discovered:
D:1:      scummos_arrival_star, layout_basic
D:2:      layout_rooms, basic_altar
D:3:      minmay_diamond_boxcup, layout_basic, shapermc_ecumenical_altar_venn,
          uniq_ijyb, uniq_natasha
D:4:      layout_basic, temple_statues, uniq_eustachio
D:5:      layout_basic, grunt_decor_resistance, minmay_fractal_squares_5,
          uniq_sigmund
D:6:      layout_layer_cave, serial_shops, shop, uniq_grinder,
          uniq_blork_the_orc, uniq_prince_ribbit1, uniq_maggie
Temple:   mainiacjoe_temple_coin_purse

Skill      XL: |  1  2  3  4  5  6  7  8 |
---------------+-------------------------+-----
Ice Magic      | 4 5 6 7 |  7.0
Spellcasting   | 3 4 |  4.7
Stealth        | 3 4 6 |  6.0
Dodging        | 3 4 |  4.0
Unarmed Combat | 2 4 |  4.0
Fighting       | 1 2 |  2.0
Fire Magic     | 1 2 |  2.0

Action                   |  1- 3 |  4- 6 |  7- 9 || total
-------------------------+-------+-------+-------++-------
Melee: Unarmed           |    11 |    19 |    33 ||    63
       Punch             |     1 |       |     2 ||     3
       Bite              |     1 |     1 |     2 ||     4
 Cast: Freeze            |    15 |     6 |    10 ||    31
       Scorch            |    28 |    36 |    46 ||   110
       Frozen Ramparts   |     4 |    17 |    15 ||    36
       Ozocubu's Armour  |       |     2 |    13 ||    15
Evoke: Wand              |       |       |     2 ||     2
  Use: Scroll            |     2 |     3 |     4 ||     9
 Stab: Sleeping          |     4 |       |       ||     4
Armor: Skin              |     1 |     6 |     5 ||    12
Dodge: Dodged            |    14 |    26 |    57 ||    97

Table legend: (Time is in decaauts)
 A = Elapsed time spent in this place.
 B = Non-inter-level travel time spent in this place.
 C = Inter-level travel time spent in this place.
 D = Time resting spent in this place.
 E = Time spent auto-exploring this place.
 F = Levels seen in this place.
 G = Mean time per level.
                   A        B        C        D        E       F      G
               +--------+--------+--------+--------+--------+-----+--------+
         Total |   7576 |   7291 |    285 |   1817 |   4659 |   7 | 1082.3 |
       Dungeon |   7462 |   7198 |    264 |   1817 |   4578 |   6 | 1243.7 |
        Temple |    114 |     93 |     21 |      0 |     80 |   1 |  114.0 |
               +--------+--------+--------+--------+--------+-----+--------+

Top non-repeatable levels by time:
     D:5: 2428 daAuts
     D:4: 1309 daAuts
     D:1: 1184 daAuts
     D:3: 1148 daAuts
     D:2: 874 daAuts
     D:6: 516 daAuts
  Temple: 114 daAuts
